 Dungeon Crawl Stone Soup version 0.28.0-1-gb440e238dd (webtiles) character file.

Game seed: 13758274645566871655

14533 SweetAndFullOfGrace the Severer (level 11, -11/115 HPs)
             Began as a Minotaur Berserker on Feb 19, 2022.
             Was a High Priest of Trog.
             Mangled by an ettin (29 damage)
             ... on level 12 of the Dungeon.
             The game lasted 00:27:24 (14229 turns).

SweetAndFullOfGrace the Severer (MiBe)             Turns: 14229, Time: 00:27:24

Health: -11/115    AC: 18    Str: 25    XL:     11   Next: 90%
Magic:  8/8        EV: 12    Int:  4    God:    Trog [*****.]
Gold:   683        SH:  0    Dex: 17    Spells: 10/10 levels left

rFire   . . .      SeeInvis .   P - +1 broad axe (chaos)
rCold   . . .      Faith    .   (no shield)
rNeg    . . .      Spirit   .   Q - +1 chain mail {rPois}
rPois   +          Reflect  .   (helmet restricted)
rElec   .          Harm     .   M - +0 cloak
rCorr   .          Rampage  .   j - +1 pair of gloves
Will    +....                   i - +1 pair of boots
Stlth   ..........              (no amulet)
HPRegen 0.29/turn               R - ring of willpower
MPRegen 0.11/turn               U - +6 ring of dexterity

@: no status effects
A: horns 2, retaliatory headbutt, low MP 1, robust 1, subdued magic 1
a: Renounce Religion, Berserk, Trog's Hand, Brothers in Arms


You were on level 12 of the Dungeon.
You worshipped Trog.
Trog was extremely pleased with you.
You visited 2 branches of the dungeon, and saw 13 of its levels.

You collected 799 gold pieces.
You spent 116 gold pieces at shops.

Inventory:

Hand Weapons
 z - a +1 war axe of freezing
 P - a +1 broad axe of chaos (weapon)
 V - the +8 demon trident "Rift" {distort, reach+}
   (You found it on level 10 of the Dungeon)

   It warps and distorts space around it, and may blink, banish, or inflict
   extra damage upon those it strikes.
   Unwielding it can cause banishment or high damage.
   It can reach especially far, and its reaching attacks ignore other creatures
   in the way.
 W - a +2 hand axe of flaming
Missiles
 a - 3 boomerangs
 b - 38 poisoned darts
 e - 136 sling bullets
 f - 421 stones (quivered)
 n - 97 bolts
 w - 118 arrows
 N - a throwing net
 S - 3 javelins
 T - 5 curare-tipped darts
Armour
 i - a +1 pair of boots (worn)
 j - a +1 pair of gloves (worn)
 J - a +0 plate armour
 M - a +0 cloak (worn)
 Q - a +1 chain mail of poison resistance (worn)
 Z - a scarf of shadows
Jewellery
 R - a ring of willpower (left hand)
 U - a +6 ring of dexterity (right hand)
Wands
 p - a wand of flame (31)
 r - a wand of mindburst (17)
 E - a wand of acid (11)
 H - a wand of paralysis (13)
 K - a wand of iceblast (4)
 L - a wand of polymorph (14)
Scrolls
 c - 6 scrolls of teleportation
 k - a scroll of silence
 m - a scroll of vulnerability
 q - a scroll of fog
 v - a scroll of torment {unknown}
 x - a scroll of holy word {unknown}
 y - a scroll of summoning {unknown}
 B - a scroll of acquirement {unknown}
 D - 4 scrolls of enchant weapon
 G - 2 scrolls of immolation
 I - a scroll of blinking
Potions
 d - 3 potions of invisibility
 g - 2 potions of haste
 l - a potion of heal wounds
 o - a potion of might
 t - 3 potions of curing
 u - 2 potions of lignification
 A - a potion of attraction
 C - a potion of flight {unknown}
 F - a potion of magic {unknown}
 O - a potion of resistance
 Y - a potion of ambrosia {unknown}
Miscellaneous
 X - a piece from Xom's chessboard (15/15)


   Skills:
 + Level 12.4 Fighting
 + Level 16.4 Axes
 + Level 8.5 Armour
 + Level 7.7 Dodging


You had 10 spell levels left.
You didn't know any spells.
Your spell library was empty.

Dungeon Overview and Level Annotations

Branches:
Dungeon (12/15)            Temple (1/1) D:5            Lair (0/6) D:11
    Orc (0/2) D:11

Altars:
Ashenzari
Cheibriados
Dithmenos
Elyvilon
Fedhas
Gozag
Hepliaklqana
Kikubaaqudgha
Makhleb
Nemelex Xobeh
Okawaru
Qazlal
Ru
Sif Muna
Trog
Uskayaw
Vehumet
Wu Jian
Xom
Yredelemnul
Zin
The Shining One

Shops:
D:6 (

Annotations:
D:4 2 transporters, NiggerDarts's ghost, amateur HuFi
D:5 2 transporters


Innate Abilities, Weirdness & Mutations

You have a pair of horns on your head.
You reflexively headbutt those who attack you in melee.
Your magical capacity is low. (-10% MP)
You are robust. (+10% HP)
Your spells are a little easier to cast, but a little less powerful.


Message History

The gnoll hits you but does no damage.
Things that are here:
a +0 giant spiked club; a +2 vorpal dire flail; a two-headed ogre corpse You slash the warg!
You freeze the warg. Your headbutt misses the warg.
The warg is moderately wounded.
The warg bites you but does no damage.
You slash the warg!
You feel better.
Your headbutt misses the warg.
The warg is almost dead.
The warg bites you!
You slice the warg!!
You kill the warg!
Trog accepts your kill. The gnoll hits you but does no damage.
You slice the gnoll!!
You kill the gnoll!
Trog accepts your kill. The ettin barely misses you. You furiously retaliate!
You headbutt the ettin, but do no damage.
The ettin hits you but does no damage.
Things that are here:
a +0 club; 19 gold pieces; a gnoll corpse You slice the ettin!!
The ettin is heavily wounded.
The gnoll sergeant hits you from afar with a +0 trident.
The ettin completely misses you.
The ettin hits you with a +0 dire flail.
You slash the ettin!
The ettin is poisoned.
The ettin is severely wounded.
The gnoll sergeant misses you.
You hit the ettin. You freeze the ettin.
The ettin is severely wounded.
The ettin hits you with a +0 dire flail!!
The ettin hits you with a +0 dire flail.
The gnoll sergeant barely misses you.
You slash the ettin!
The ettin seems to speed up.
You headbutt the ettin.
The ettin is almost dead.
The ettin hits you with a +0 dire flail!!
* * * LOW HITPOINT WARNING * * *
The ettin hits you with a +0 dire flail!!
You die...

. ..########### .....[......#
............# ............# #
............# #
..........gg###################
......>...gggC@...............+
).........gg######.#....###...#
.#+#####'#### #.#...........
.... #.'...........
###..########.#.........).
#..........(......##'#[.
#...###.......#.).##.#.. #.
#.......'......#..
#......##...######


You could see an ettin (fast, very poisoned), a gnoll sergeant and 6 gnolls.

Vanquished Creatures
  3 hydras (D:12)
  Fannar (D:10)
  Erolcha (D:11)
  4 two-headed ogres
  An ugly thing (D:11)
  An oklob plant (D:11)
  A deep elf pyromancer (D:12)
  A cyclops (D:12)
  Maurice (D:8)
  A freezing wraith (D:10)
  A kobold demonologist (D:9)
  2 trolls
  A hornet (D:8)
  4 yaks (D:11)
  A warg (D:12)
  Edmund (D:5)
  2 water moccasins
  7 orc warriors
  3 sky beasts
  4 black bears
  2 necrophages (D:6)
  5 centaurs
  3 ogres
  4 phantoms
  A kobold brigand (D:9)
  2 gnoll sergeants
  A wyvern zombie (D:8)
  3 scorpions
  A water moccasin zombie (D:5)
  A water moccasin skeleton (D:4)
  16 killer bees
  5 wights (D:10)
  7 howler monkeys
  A hound (D:5)
  2 centaur zombies (D:9)
  5 jellies
  A centaur skeleton (D:7)
  4 orc priests
  8 orc wizards
  A hound zombie (D:5)
  A howler monkey zombie (D:9)
  12 gnolls
  6 adders
  2 shadow imps
  2 ufetubi
  6 dart slugs
  A worm (D:2)
  53 orcs
  5 ball pythons
  5 bats
  7 endoplasms
  A giant cockroach (D:3)
  7 goblins
  9 hobgoblins
  16 jackals
  4 quokkas
  4 frilled lizards
  8 kobolds
  5 rats
  A spectral orc (D:4)
269 creatures vanquished.

Vanquished Creatures (others)
  11 plants
11 creatures vanquished.

Grand Total: 280 creatures vanquished

Notes
Turn   | Place    | Note
-------+----------+-------------------------------------------
     0 | D:1      | SweetAndFullOfGrace the Minotaur Berserker began the quest
                  | for the Orb.
     0 | D:1      | Reached XP level 1. HP: 19/19 MP: 0/0
    22 | D:1      | Reached skill level 4 in Axes
   100 | D:1      | Reached XP level 2. HP: 23/26 MP: 1/1
   533 | D:1      | Reached skill level 5 in Axes
   533 | D:1      | Reached XP level 3. HP: 16/31 MP: 2/2
   771 | D:1      | Found a faded altar of an unknown god.
  1328 | D:2      | Reached skill level 6 in Axes
  1328 | D:2      | Reached XP level 4. HP: 23/39 MP: 3/3
  2071 | D:2      | Reached XP level 5. HP: 45/45 MP: 4/4
  2104 | D:2      | Reached skill level 7 in Axes
  2114 | D:2      | Reached ** piety under Trog
  2676 | D:2      | You fall into a shaft and drop 1 floor!
  3568 | D:4      | Reached skill level 8 in Axes
  3652 | D:4      | Reached XP level 6. HP: 40/51 MP: 5/5
  3871 | D:4      | Reached skill level 9 in Axes
  3875 | D:4      | HP: 5/51 [poisoned by an orc wizard]
  3879 | D:4      | HP: 2/51 [poisoned by an orc wizard]
  4224 | D:4      | Reached XP level 7. HP: 54/57 MP: 6/6
  4253 | D:4      | Reached *** piety under Trog
  4254 | D:4      | Reached skill level 10 in Axes
  4417 | D:4      | Noticed NiggerDarts's ghost (amateur HuFi)
  4418 | D:4      | Found a transporter.
  4438 | D:4      | Found a transporter.
  4718 | D:4      | Reached skill level 4 in Fighting
  4853 | D:4      | Found a basalt altar of Yredelemnul.
  4887 | D:5      | Entered Level 5 of the Dungeon
  4907 | D:5      | Found a transporter.
  5139 | D:5      | Found a staircase to the Ecumenical Temple.
  5149 | Temple   | Entered the Ecumenical Temple
  5389 | D:5      | Reached skill level 11 in Axes
  5389 | D:5      | Reached XP level 8. HP: 30/67 MP: 7/7
  5621 | D:5      | Found a transporter.
  5623 | D:5      | Noticed a kobold demonologist
  5636 | D:5      | Reached skill level 5 in Fighting
  5918 | D:5      | Reached **** piety under Trog
  6206 | D:5      | Noticed a troll
  6217 | D:5      | Killed a troll
  6218 | D:5      | Reached skill level 6 in Fighting
  6218 | D:5      | Reached skill level 12 in Axes
  6358 | D:6      | Noticed Edmund
  6413 | D:5      | Killed Edmund
  6557 | D:6      | Reached skill level 7 in Fighting
  6557 | D:6      | Reached skill level 13 in Axes
  6597 | D:6      | Reached XP level 9. HP: 60/79 MP: 8/8
  6708 | D:6      | Found Ypiom's Weapon Emporium.
  6732 | D:6      | Bought a +0 war axe of freezing for 116 gold pieces
  7040 | D:6      | Identified the +0 kite shield "Omeozy" {Harm Drain Int+2}
  7469 | D:7      | Found a stormy altar of Qazlal.
  7579 | D:7      | Found a white marble altar of Elyvilon.
  7607 | D:7      | Reached skill level 8 in Fighting
  7614 | D:7      | Reached skill level 14 in Axes
  8165 | D:8      | Noticed a two-headed ogre
  8185 | D:8      | Killed a two-headed ogre
  8186 | D:8      | Reached skill level 9 in Fighting
  8186 | D:8      | Reached skill level 15 in Axes
  8186 | D:8      | Reached XP level 10. HP: 38/91 MP: 9/9
  8657 | D:8      | Noticed Maurice
  8662 | D:8      | Killed Maurice
  8949 | D:8      | Found an ornate altar of the Wu Jian Council.
  9378 | D:9      | Gained mutation: You are strong-willed. (Will+) [potion of
                  | mutation]
  9378 | D:9      | Gained mutation: Your spells are a little easier to cast,
                  | but a little less powerful. [potion of mutation]
  9378 | D:9      | Gained mutation: Your body sometimes deteriorates upon
                  | taking damage. [potion of mutation]
  9379 | D:9      | Lost mutation: You are strong-willed. (Will+) [potion of
                  | mutation]
  9379 | D:9      | Lost mutation: Your body sometimes deteriorates upon taking
                  | damage. [potion of mutation]
  9379 | D:9      | Gained mutation: Your magical capacity is low. (-10% MP)
                  | [potion of mutation]
  9379 | D:9      | Gained mutation: You are robust. (+10% HP) [potion of
                  | mutation]
  9425 | D:9      | Noticed a two-headed ogre
  9434 | D:9      | Killed a two-headed ogre
  9435 | D:9      | Reached skill level 3 in Armour
  9517 | D:9      | Found a shadowy altar of Dithmenos.
  9517 | D:9      | Found a snail-covered altar of Cheibriados.
  9517 | D:9      | Found a shimmering altar of Xom.
  9616 | D:9      | Reached skill level 16 in Axes
  9621 | D:9      | Reached ***** piety under Trog
  9715 | D:9      | Found a bloodstained altar of Trog.
  9719 | D:9      | Reached skill level 10 in Fighting
  9719 | D:9      | Reached skill level 3 in Dodging
  9792 | D:9      | Reached skill level 4 in Armour
  9980 | D:9      | Noticed a soul eater
  9988 | D:9      | Reached skill level 4 in Dodging
 10095 | D:9      | Reached skill level 5 in Armour
 10107 | D:9      | Received a gift from Trog
 10536 | D:9      | Found a glowing silver altar of Zin.
 10572 | D:10     | Entered Level 10 of the Dungeon
 10811 | D:10     | Reached skill level 5 in Dodging
 11008 | D:10     | Noticed a two-headed ogre
 11027 | D:10     | Killed a two-headed ogre
 11028 | D:10     | Reached skill level 11 in Fighting
 11028 | D:10     | Reached XP level 11. HP: 66/112 MP: 8/8
 11265 | D:10     | Found the +8 demon trident "Rift" {distort, reach+}
 11462 | D:10     | Reached skill level 6 in Armour
 11627 | D:10     | Noticed Fannar
 11651 | D:10     | Killed Fannar
 11994 | D:11     | Found a staircase to the Lair.
 11995 | D:11     | Noticed an oklob plant
 12002 | D:11     | Killed an oklob plant
 12033 | D:11     | Noticed Erolcha
 12341 | D:11     | Killed Erolcha
 12342 | D:11     | Reached skill level 6 in Dodging
 12542 | D:11     | Identified the +8 quarterstaff of Panobiyt {flame, Fly rC+
                  | Stlth+}
 12549 | D:11     | Reached skill level 7 in Armour
 12945 | D:11     | Found a staircase to the Orcish Mines.
 13145 | D:11     | Noticed a white ugly thing
 13165 | D:11     | Killed a white ugly thing
 13468 | D:12     | Noticed a deep elf pyromancer
 13472 | D:12     | Noticed a five-headed hydra
 13628 | D:12     | Noticed a six-headed hydra
 13636 | D:12     | Killed a one-headed hydra
 13637 | D:12     | Reached skill level 7 in Dodging
 13688 | D:12     | Noticed a six-headed hydra
 13699 | D:12     | Killed a one-headed hydra
 13700 | D:12     | Reached skill level 12 in Fighting
 13766 | D:12     | Killed a deep elf pyromancer
 13767 | D:12     | Reached skill level 8 in Armour
 13936 | D:12     | Killed a one-headed hydra
 14119 | D:12     | Noticed a two-headed ogre
 14127 | D:12     | Killed a two-headed ogre
 14203 | D:12     | Noticed an ettin
 14229 | D:12     | Mangled by an ettin

Illustrated notes

Levels and vault maps discovered:
D:1:      minmay_arrival_glassed_features, layout_rooms,
          chequers_ecumenical_altar_lobes, serial_forest,
          infiniplex_forest_corner_1, infiniplex_forest_clump_curved,
          infiniplex_forest_zigzag_1, infiniplex_forest_end_2,
          infiniplex_forest_clump_curved
D:2:      layout_basic, kennysheep_boxes
D:3:      layout_rooms, chequers_serial_rivers_marsh, minmay_misc_feat_iff
D:4:      layout_loops_ring, yredelemnul_forgotten_temple_becter,
          gammafunk_ghost_stat_death, minmay_misc_feat_x,
          corexii_leaking_fountain
D:5:      gammafunk_wand_slinger, layout_basic, minmay_temple_entry_large_hall
D:6:      layout_gridville, serial_shops, shop_coins, uniq_edmund
D:7:      layout_rooms, mainiacjoe_overflow_catch_the_wave
D:8:      layout_loops_ring, nzn_wu_jian_contemplation,
          kennysheep_generic_room_4, uniq_maurice
D:9:      layout_roguey [special_room_orc], trog_ov_bears_minmay, zin_statuary,
          gammafunk_temple_overflow_claw, serial_rivers,
          chequers_serial_rivers_micro_c, chequers_serial_rivers_micro_d,
          chequers_serial_rivers_micro_d, chequers_serial_rivers_micro_d,
          chequers_serial_rivers_marsh
D:10:     layout_stronghold, uniq_fannar
D:11:     layout_long_grid, dpeg_oklobed_lair, orc_0_dummy,
          kennysheep_pointless_box, hive_lemuel, uniq_erolcha
D:12:     giant_chief_lemuel, layout_basic
Temple:   dshaligram_water_room_temple

Skill      XL: |  1  2  3  4  5  6  7  8  9 10 11 |
---------------+----------------------------------+-----
Axes           | 4 5 6 8 9 11 13 15 16 | 16.4
Fighting       | 4 7 9 11 12 | 12.4
Armour         | 5 8 |  8.5
Dodging        | 5 7 |  7.7

Action                   |  1- 3 |  4- 6 |  7- 9 | 10-12 || total
-------------------------+-------+-------+-------+-------++-------
Melee: Hand axe          |    62 |   170 |   107 |    18 ||   357
       Headbutt          |     7 |    24 |    43 |    60 ||   134
       Punch             |     1 |     4 |     4 |     7 ||    16
       War axe           |       |       |   151 |   262 ||   413
       Broad axe         |       |       |       |    28 ||    28
Invok: Berserk           |     1 |     1 |     1 |     4 ||     7
Evoke: Wand              |       |       |     1 |       ||     1
  Use: Scroll            |       |     5 |     4 |     7 ||    16
       Potion            |       |       |       |     4 ||     4
Armor: Animal skin       |     8 |       |       |       ||     8
       Chain mail        |       |    87 |   105 |    74 ||   266
       Plate armour      |       |       |     9 |    83 ||    92
Dodge: Dodged            |    43 |    55 |    74 |   119 ||   291

Table legend: (Time is in decaauts)
 A = Elapsed time spent in this place.
 B = Non-inter-level travel time spent in this place.
 C = Inter-level travel time spent in this place.
 D = Time resting spent in this place.
 E = Time spent auto-exploring this place.
 F = Levels seen in this place.
 G = Mean time per level.
                   A        B        C        D        E       F      G
               +--------+--------+--------+--------+--------+-----+--------+
         Total |  14167 |  13805 |    362 |   1979 |   9788 |  13 | 1089.8 |
       Dungeon |  14076 |  13734 |    342 |   1979 |   9728 |  12 | 1173.0 |
        Temple |     90 |     70 |     20 |      0 |     60 |   1 |   90.0 |
               +--------+--------+--------+--------+--------+-----+--------+

Top non-repeatable levels by time:
     D:2: 2062 daAuts
    D:10: 1702 daAuts
     D:5: 1492 daAuts
     D:8: 1462 daAuts
     D:4: 1329 daAuts
     D:9: 1210 daAuts
    D:11: 1174 daAuts
     D:6: 968 daAuts
     D:1: 923 daAuts
    D:12: 759 daAuts
     D:3: 579 daAuts
     D:7: 411 daAuts
  Temple: 90 daAuts

Table legend:
 A = Non-vault XP
 B = Vault XP
 C = Vault XP percentage of total XP
 D = Non-vault monster count
 E = Vault monster count
 F = Vault count percentage of total count
                 A         B        C        D         E       F
            +---------+---------+-------+---------+---------+-------
      Total |   16652 |    4110 |  19.8 |     234 |      35 |  13.0
            +---------+---------+-------+---------+---------+-------
        D:1 |      50 |       0 |   0.0 |      18 |       0 |   0.0
        D:2 |     178 |       0 |   0.0 |      30 |       0 |   0.0
        D:3 |      37 |       0 |   0.0 |      20 |       0 |   0.0
        D:4 |     793 |       1 |   0.1 |      37 |       1 |   2.6
        D:5 |    1311 |     166 |  11.2 |      25 |       1 |   3.8
        D:6 |     955 |       0 |   0.0 |      14 |       0 |   0.0
        D:7 |     611 |       0 |   0.0 |       8 |       0 |   0.0
        D:8 |    2216 |     433 |  16.3 |      25 |       1 |   3.8
        D:9 |    2378 |    1035 |  30.3 |      26 |      28 |  51.9
       D:10 |    1711 |     868 |  33.7 |      13 |       1 |   7.1
       D:11 |    1840 |    1437 |  43.9 |       7 |       2 |  22.2
       D:12 |    4572 |     170 |   3.6 |      11 |       1 |   8.3
            +---------+---------+-------+---------+---------+-------
